 Dungeon Crawl Stone Soup version 0.27.1 (webtiles) character file.

Game seed: 13005692760190198721

4 Descartes the Sneak (level 1, -1/10 HPs)
             Began as a Felid Delver on Aug 25, 2021.
             Slain by an iguana (11 damage)
             ... on level 4 of the Dungeon.
             The game lasted 00:00:26 (51 turns).

Descartes the Sneak (Felid Delver)                    Turns: 51, Time: 00:00:26

Health: -1/10      AC:  1    Str:  8    XL:     1   Next: 58%
Magic:  2/2        EV: 17    Int: 11    God:
Gold:   10         SH:  0    Dex: 17    Spells: 0/0 levels left
                                        Lives:  0   Deaths: 0

rFire    . . .     SeeInvis +     - Unarmed
rCold    . . .     Faith    .   (shield unavailable)
rNeg     . . .     Spirit   .   (armour unavailable)
rPois    .         Reflect  .   (helmet unavailable)
rElec    .         Harm     .   (cloak unavailable)
rCorr    .         Rampage  .   (gloves unavailable)
Will     .....                  (boots unavailable)
Stlth    ++++......             (no amulet)
HPRegen  0.03/turn              (no ring)
MPRegen  0.08/turn              (no ring)

@: quick
A: very small, claws 1, fangs 3, see invisible, speed 1, shaggy fur 1, stealthy
paws, no weapons or thrown items, no armour, multi-lived
a: no special abilities


You were on level 4 of the Dungeon.
You visited 1 branch of the dungeon, and saw 2 of its levels.

You collected 10 gold pieces.

Inventory:

Wands
 e - a wand of digging (3)
Scrolls
 a - a scroll of fog
 b - a scroll of magic mapping
 c - a scroll of fear
Potions
 d - a potion of haste


   Skills:
 - Level 3.0 Fighting
 - Level 2.6 Dodging
 + Level 7.0 Stealth
 - Level 2.0 Unarmed Combat


You couldn't memorise any spells.
You didn't know any spells.
Your spell library was empty.

Dungeon Overview and Level Annotations

Branches:
Dungeon (5/15)
 Temple: D:4-7

Altars:


Innate Abilities, Weirdness & Mutations

You have sharp claws.
You have razor-sharp teeth.
You have supernaturally acute eyesight. (SInv)
You cover ground quickly. (Speed+)
You are covered in fur. (AC +1)
Your paws help you pounce on unaware monsters.
You are incapable of wielding weapons or throwing items.
You cannot wear armour.
You gain extra lives every three experience levels.


Message History

Found a scroll labelled WENAOT JIYVVALOVI and a scroll labelled NISYOTSETWI.
You see here 12 gold pieces.
Found 9 gold pieces.
There is a stone staircase leading up here.
You climb upwards.
The iguana hisses angrily.
The goblin shouts!
Found an ominously black robe.
There is a stone staircase leading down here.
The orc shouts! x2
You scratch the orc.
You kill the orc!
An iguana comes into view.
Found 8 gold pieces.
A dart slug comes into view.
Found 16 gold pieces.
Found a stone staircase leading down.
The dart slug launches a dart at you. The slug dart misses you.
Found 10 gold pieces.
You scratch the dart slug.
The dart slug is heavily wounded.
The dart slug closely misses you.
You barely miss the dart slug.
The dart slug is heavily wounded.
The dart slug launches a dart at you. The slug dart misses you.
The slug dart hits the iguana.
You scratch the dart slug.
The dart slug is severely wounded.
You scratch the dart slug.
You kill the dart slug!
Your Stealth skill increases to level 7!
A hobgoblin comes into view.
Found 17 stones and 28 arrows.
You see here 10 gold pieces.
You now have 10 gold pieces.
You scratch the iguana.
The iguana is heavily wounded.
The iguana bites you!
Ouch! That really hurt!
You die...

### #.### .
##.#(## ..
#..@..### ....
#..#l...#.....
###..#........
##.o>.......
##.###.....
#..........
#..........
####.........
###.....$......


You could see an iguana and an orc.

Vanquished Creatures
  A dart slug (D:4)
  An orc (D:4)
2 creatures vanquished.

Notes
Turn   | Place    | Note
-------+----------+-------------------------------------------
     0 | D:5      | Descartes the Felid Delver began the quest for the Orb.
     0 | D:5      | Reached XP level 1. HP: 10/10 MP: 2/2
     5 | D:5      | Noticed a sky beast
    25 | D:4      | Noticed an iguana
    27 | D:4      | Noticed an iguana
    43 | D:4      | Reached skill level 7 in Stealth
    51 | D:4      | Slain by an iguana

Illustrated notes

Levels and vault maps discovered:
D:4:      layout_cave_pools, minmay_temple_entry_proselytizer
D:5:      layout_rooms, overflow_temple_1_default, st_stairs_4,
          minmay_statues_item, hangedman_decor_opposing, hex_intersection,
          minmay_misc_feat_encased, hangedman_abyss_or_decor_passed,
          uniq_eustachio

Skill      XL: |  1 |
---------------+----+-----
Stealth        | 7 |  7.0
Fighting       | |  3.0
Dodging        | |  2.6
Unarmed Combat | |  2.0

Action                   || total
-------------------------++-------
Melee: Unarmed           ||     6
Dodge: Dodged            ||     3
